Map: King of Braxis Station

Players

MrFercho

  • Race: Zerg Zerg
  • Spawn Location: 11:00

tigro - Winner!

  • Race: Terran Terran
  • Spawn Location: 5:00

TATORREA - Winner!

  • Race: Terran Terran
  • Spawn Location: 6:00

VOD

Have the link to the VOD?

Description

Time

  • Played on: March 30, 2020, 8:23 p.m.
  • Length: 48:12
Show
View Real Time Build Order
Export as new Build Order

MrFercho Zerg 

Build Orders: 3 Hatch before Pool 

Get SALT Encoding   

  12  0:08  Drone  
  12  0:13  Overlord  
  13  0:20  Drone  
  14  0:40  Drone x2  
  16  0:54  Drone x2  
  18  1:04  Hatchery  
  17  1:09  Drone  
  18  1:24  Drone  
  19  1:28  Drone  
  20  1:39  Drone  
  21  1:41  Hatchery  
  21  1:45  Extractor  
  19  1:48  Drone  
  20  2:03  Spawning Pool  
  19  2:14  Drone  
  19  2:15  Drone  
  21  2:30  Drone  
  21  2:32  Overlord x3  
  22  2:47  Extractor  
  21  3:03  Roach Warren, Drone  
  21  3:04  Drone x4  
  25  3:06  Overlord x2  
  25  3:39  Drone  
  25  3:40  Drone x2  
  28  3:46  Queen x3  
  34  4:18  Baneling Nest  
  34  4:22  Queen x2  
  37  4:38  Hatchery  
  36  4:43  Hatchery  
  35  4:50  Lair  
  35  4:57  Metabolic Boost  
  35  5:40  Zergling x8  
  35  5:41  Zergling x2  
  40  5:45  Roach  
  40  5:46  Roach x3  
  48  6:27  Zergling x6  
  48  6:28  Zergling x4  
  48  6:29  Overlord x2  
  53  6:33  Roach x3  
  53  6:35  Zergling x10  
  53  6:36  Zergling x4  
  53  6:37  Zergling x2  
  67  7:17  Burrow  
  67  7:20  Pneumatized Carapace  
  67  7:28  Drone x4  
  71  7:46  Spire  
  71  7:48  Spire  
  69  7:55  Hydralisk Den  
  68  7:59  Infestation Pit  
  68  8:02  Drone x4  
  68  8:03  Drone x5  
  68  8:05  Overlord x4  
  76  8:13  Overseer x2  
  76  8:42  Lair  
  76  8:46  Hive  
  76  9:35  Evolution Chamber  
  75  9:41  Evolution Chamber  
  75  9:44  Glial Reconstitution  
  52  11:02  Tunneling Claws  
  52  11:13  Zergling x12  
  52  11:14  Zergling x10  
  52  11:15  Zergling x8  
  57  11:42  Hydralisk x3  
  57  11:43  Hydralisk  
  65  11:53  Zerg Melee Weapons Level 1  
  65  11:54  Zerg Ground Armor Level 1  
  65  11:57  Adrenal Glands  
  65  12:01  Grooved Spines  
  65  12:07  Zerg Flyer Armor Level 1, Zerg Flyer Weapons Level 1  
  65  12:46  Roach x4  
  65  12:47  Roach x4  
  65  12:48  Roach  
  83  12:52  Corruptor  
  85  13:13  Muscular Augments  
  85  13:29  Spine Crawler  
  84  13:35  Spine Crawler  
  84  13:36  Spine Crawler  
  84  13:40  Spore Crawler  
  81  13:42  Centrifical Hooks  
  81  13:44  Spore Crawler  
  81  13:47  Spore Crawler  
  79  13:55  Zerg Melee Weapons Level 2  
  50  14:40  Drone x2  
  50  14:41  Drone x2  
  50  14:43  Corruptor x2  
  50  14:44  Corruptor  
  60  14:52  Roach x3  
  52  15:15  Roach x3  
  52  15:59  Zergling x8  
  52  16:00  Roach  
  52  16:01  Roach x2  
  52  16:02  Roach  
  64  16:05  Hydralisk x3  
  64  16:06  Hydralisk x2  
  74  16:12  Neural Parasite  
  74  17:13  Overlord x5, Hatchery  
  74  17:14  Overlord  
  74  17:15  Drone x2  
  74  17:16  Extractor, Drone x6  
  74  17:17  Extractor, Drone  
  80  17:30  Hatchery  
  80  17:35  Hatchery  
  80  17:36  Hatchery  
  77  17:44  Hatchery  
  77  17:50  Extractor  
  77  17:51  Extractor  
  74  18:05  Ravager x3  
  77  18:06  Ravager  
  77  18:30  Zerg Melee Weapons Level 3, Zerg Ground Armor Level 2  
  65  19:00  Roach x3  
  58  19:07  Drone x6  
  58  19:08  Drone x4  
  58  19:09  Drone  
  53  19:41  Overseer  
  53  19:56  Drone x5  
  53  19:57  Drone x3  
  53  19:58  Drone x2  
  53  19:59  Drone x5  
  68  20:15  Unknown  
  68  20:17  Unknown  
  68  20:18  Unknown  
  65  20:23  Unknown  
  65  20:28  Drone x2  
  66  20:50  Drone x3  
  66  20:51  Drone x6  
  66  20:52  Drone x5  
  80  21:32  Drone x2  
  82  21:33  Drone x6  
  82  21:34  Drone  
  89  21:56  Zerg Ground Armor Level 3, Zerg Missile Weapons Level 1  
  89  22:06  Ultralisk Cavern  
  88  22:11  Ultralisk Cavern  
  85  22:30  Corruptor x5  
  85  22:31  Corruptor  
  85  22:32  Corruptor  
  85  22:33  Roach  
  85  22:34  Roach x5  
  85  22:35  Zergling x10  
  85  22:36  Zergling x4, Swarm Host  
  127  22:38  Hydralisk x6  
  127  22:39  Hydralisk x2  
  127  22:40  Hydralisk  
  127  22:42  Zergling x12  
  127  22:43  Zergling x2  
  152  23:02  Roach x2  
  152  23:03  Roach x2  
  152  23:04  Infestor x3  
  172  23:05  Ultralisk  
  172  23:06  Ultralisk x4  
  172  23:08  Overlord x2  
  172  23:09  Overlord x5  
  172  23:10  Overlord x2  
  172  23:11  Overlord  
  196  24:05  Spore Crawler x2  
  196  24:07  Spore Crawler  
  196  24:09  Spore Crawler  
  192  24:12  Spore Crawler  
  192  24:13  Spore Crawler  
  192  24:15  Spore Crawler  
  189  24:19  Zerg Missile Weapons Level 2  
  189  24:23  Pathogen Glands  
  189  24:24  Chitinous Plating  
  189  24:25  Anabolic Synthesis  
  189  24:29  Zerg Flyer Weapons Level 2, Zerg Flyer Armor Level 2  
  189  24:45  Overseer x2  
  188  25:19  Unknown  
  142  25:36  Ultralisk x2  
  106  26:06  Corruptor x3  
  106  26:07  Corruptor x6  
  106  26:08  Corruptor x6  
  106  26:09  Corruptor x6  
  106  26:10  Corruptor x5  
  106  26:11  Corruptor x6  
  153  26:12  Corruptor  
  142  26:38  Hydralisk x3  
  142  26:39  Zergling x2  
  141  26:40  Roach x3  
  141  26:41  Roach x3  
  141  26:42  Zergling x12  
  141  26:43  Zergling x12  
  141  26:44  Zergling x2  
  158  26:59  Zerg Missile Weapons Level 3  
  154  27:03  Greater Spire x2  
  145  27:44  Lurker Den  
  138  27:49  Lurker Den  
  127  28:16  Ravager x2  
  127  28:17  Ravager x3  
  132  28:22  Baneling  
  132  28:23  Baneling x6  
  132  28:24  Baneling x6  
  132  28:25  Baneling x6  
  132  28:26  Baneling x2  
  132  28:27  Baneling x3  
  105  28:56  Ultralisk x2  
  105  28:58  Ultralisk  
  105  28:59  Roach x5  
  130  29:05  Mutalisk x5  
  130  29:06  Mutalisk x6  
  120  30:11  Roach x5  
  92  30:52  Zergling x8  
  92  30:53  Roach x3  
  92  30:54  Hydralisk x5, Roach  
  92  30:55  Hydralisk  
  92  30:57  Mutalisk x6  
  116  30:58  Mutalisk  
  130  31:05  Brood Lord x4  
  130  31:06  Brood Lord  
  140  31:14  Drone  
  140  31:15  Drone x3  
  144  31:18  Drone  
  144  31:24  Baneling  
  144  31:25  Baneling x5  
  145  31:26  Baneling  
  145  31:28  Baneling  
  141  32:06  Hydralisk x4  
  141  32:07  Hydralisk x3  
  155  32:09  Zergling x6  
  155  32:10  Zergling x8  
  162  32:34  Lurker x4  
  162  32:35  Lurker  
  105  33:56  Lurker x4  
  105  33:57  Lurker  
  94  34:26  Ultralisk x2  
  106  34:32  Corruptor x2  
  106  34:33  Corruptor x4  
  106  34:34  Corruptor  
  106  34:36  Zergling x4  
  106  34:37  Zergling x6  
  106  34:38  Roach  
  127  34:55  Zerg Flyer Armor Level 3, Zerg Flyer Weapons Level 3  
  127  35:04  Seismic Spines  
  126  35:47  Mutalisk x3  
  126  35:48  Mutalisk x2  
  129  36:00  Drone x6  
  129  36:01  Adaptive Talons, Drone  
  132  36:25  Brood Lord x2  
  84  38:09  Hatchery  
  84  38:10  Hatchery  
  82  38:13  Hatchery  
  82  38:14  Hatchery  
  80  38:37  Roach x5  
  90  38:43  Drone x3  
  58  39:14  Corruptor x2  
  41  40:31  Drone x3  
  41  40:32  Drone x3  
  43  42:18  Hatchery  
  42  43:22  Hatchery  
  29  44:24  Drone  
  29  44:28  Drone x2  
  24  45:05  Drone x3  
  27  45:29  Drone x3  
  27  46:06  Hatchery  
  14  47:29  Drone  
Show
View Real Time Build Order
Export as new Build Order

tigro Terran - Winner!

Build Orders:  

Get SALT Encoding   

  12  0:06  SCV  
  13  0:19  Supply Depot  
  13  0:51  SCV  
  13  0:55  Barracks  
  14  1:03  Refinery  
  14  1:04  SCV  
  15  1:10  Refinery  
  15  1:16  SCV  
  16  1:28  SCV  
  17  1:40  SCV  
  18  1:50  Marine  
  19  2:03  Barracks  
  19  2:08  Marine  
  20  2:16  SCV  
  20  2:17  Supply Depot  
  21  2:26  Marine  
  21  2:28  SCV  
  23  2:40  SCV  
  23  2:44  Marine  
  24  2:50  Engineering Bay  
  25  3:00  Orbital Command  
  25  3:01  Marine  
  25  3:05  Barracks Tech Lab  
  26  3:25  Combat Shield, Factory  
  26  3:28  Barracks Tech Lab  
  26  3:31  Marauder  
  28  3:52  Marauder  
  30  4:02  Missile Turret  
  30  4:27  Factory Tech Lab  
  30  4:38  Factory  
  30  4:44  Concussive Shells  
  30  4:59  Starport  
  30  5:06  Marine  
  31  5:26  Marauder  
  31  5:27  Stimpack  
  33  5:31  Factory Tech Lab  
  33  5:43  Medivac  
  33  5:46  Armory  
  33  5:48  Marauder  
  37  6:04  Starport  
  37  6:12  Medivac  
  39  6:30  Marauder  
  39  6:32  Marine  
  42  6:35  Supply Depot  
  42  6:49  Marine  
  43  6:58  Starport Tech Lab  
  43  7:00  Starport Tech Lab  
  43  7:09  Missile Turret  
  43  7:37  Missile Turret  
  43  7:45  Command Center  
  43  8:00  Terran Infantry Weapons Level 1  
  43  8:07  Fusion Core, Terran Vehicle Weapons Level 1  
  43  8:15  Siege Tank  
  46  8:46  Marine  
  47  9:00  Supply Depot, Refinery  
  47  9:04  Marine  
  48  9:12  Siege Tank  
  48  9:15  Planetary Fortress  
  51  9:22  Marine  
  52  9:26  Marine  
  53  9:40  Marine  
  53  9:44  Marine  
  55  9:52  SCV  
  56  9:54  Terran Infantry Armor Level 1  
  56  9:57  Missile Turret  
  56  9:58  Marine  
  57  10:01  Marine, Terran Vehicle And Ship Armor Level 1  
  57  10:04  SCV  
  59  10:16  SCV  
  59  10:19  Marine  
  61  10:28  SCV  
  62  10:37  Marine  
  51  11:48  Neosteel Armor, Refinery  
  51  11:55  Terran Ship Weapons Level 1  
  51  11:56  SCV  
  52  12:03  Battlecruiser  
  52  12:06  Weapon Refit  
  52  12:08  SCV  
  59  12:20  SCV  
  60  12:32  SCV  
  61  12:44  SCV  
  61  12:47  Marine  
  63  13:05  Marine  
  64  13:12  Missile Turret  
  64  13:18  SCV  
  65  13:23  Marine  
  66  13:28  Hi-Sec Auto Tracking  
  66  13:31  SCV  
  67  13:35  Missile Turret  
  67  13:41  Marine  
  68  13:43  SCV  
  68  13:46  Rapid Reignition System  
  69  13:52  Missile Turret  
  69  13:55  SCV  
  70  13:58  Marine  
  70  14:01  Missile Turret  
  71  14:07  SCV  
  72  14:16  Marine  
  64  14:19  Marine  
  64  14:21  Missile Turret  
  64  14:23  Missile Turret  
  52  14:25  Terran Infantry Weapons Level 2  
  52  14:34  Marine  
  52  14:37  Marine  
  51  14:42  Advanced Ballistics  
  47  14:52  Marine  
  48  14:54  Marine  
  47  15:09  Marine  
  47  15:12  Marine  
  47  15:27  Marine  
  47  15:30  Marine  
  46  15:48  Marauder  
  48  15:56  Siege Tank  
  51  15:59  Siege Tank  
  54  16:10  Marauder  
  56  16:20  Missile Turret  
  56  16:36  Factory  
  56  16:41  Terran Infantry Armor Level 2  
  56  17:26  Terran Vehicle And Ship Armor Level 2  
  56  17:30  Infernal Pre-Igniter  
  56  17:33  Smart Servos  
  56  17:36  Corvid Reactor  
  56  17:38  Cloaking Field  
  56  17:44  Marauder  
  56  17:47  Marine  
  59  17:52  Battlecruiser  
  59  17:55  Battlecruiser  
  71  18:03  Factory Tech Lab  
  71  18:05  Marine  
  71  18:06  Marauder  
  74  18:13  Missile Turret  
  74  18:23  Marine  
  75  18:27  Marauder  
  74  18:41  Marine  
  58  18:49  Marauder, Mag-Field Accelerator  
  50  18:56  Battlecruiser  
  50  18:57  Terran Infantry Weapons Level 3  
  50  18:58  Hyperflight Rotors  
  50  18:59  Battlecruiser  
  61  19:10  Marauder  
  60  19:31  Marauder  
  60  19:41  Terran Vehicle Weapons Level 2  
  62  19:53  Marauder  
  62  19:55  SCV  
  63  20:07  SCV  
  63  20:11  Siege Tank  
  69  20:14  Marauder  
  69  20:19  SCV  
  70  20:26  Barracks  
  70  20:29  Drilling Claws  
  70  20:30  Battlecruiser  
  70  20:31  SCV  
  70  20:33  Viking  
  81  20:35  Marauder  
  81  20:43  SCV  
  81  20:44  Siege Tank  
  85  21:06  Missile Turret  
  85  21:31  Viking, Marauder, Siege Tank  
  92  21:33  Supply Depot  
  92  21:53  Marauder  
  94  21:56  Missile Turret  
  94  21:57  Terran Ship Weapons Level 2  
  94  22:01  Banshee  
  97  22:14  Marauder  
  99  22:33  Terran Infantry Armor Level 3  
  99  22:43  Banshee  
  102  22:50  Supply Depot  
  102  22:55  Battlecruiser  
  108  23:23  Siege Tank  
  108  23:26  Banshee  
  114  23:45  Missile Turret  
  114  23:51  Missile Turret  
  114  23:55  Siege Tank  
  117  23:57  Marine  
  118  24:10  Marauder, Medivac  
  118  24:13  Terran Vehicle Weapons Level 3  
  118  24:15  Marine  
  123  24:31  Supply Depot  
  123  24:32  Marauder  
  123  24:33  Marine  
  126  24:53  Thor, Marine  
  133  25:10  Marine  
  134  25:23  Marauder  
  134  25:25  Thor  
  124  25:45  Marauder  
  119  26:06  Marauder  
  109  26:50  Terran Vehicle And Ship Armor Level 3  
  109  26:52  Battlecruiser  
  115  26:55  Battlecruiser  
  115  26:58  Marine  
  124  27:01  Marauder  
  124  27:15  Marine  
  121  27:22  Marauder  
  91  27:33  Marine  
  92  27:44  Marauder  
  94  27:51  Marine  
  94  27:57  Battlecruiser  
  101  27:59  Battlecruiser  
  101  28:05  Marauder  
  109  28:08  Thor  
  109  28:09  Marine  
  109  28:10  Thor  
  122  28:27  Marauder, Marine  
  118  28:45  Marine  
  118  28:47  Marine  
  103  28:51  Thor  
  103  28:53  Thor  
  115  29:01  Battlecruiser  
  115  29:02  Marine  
  121  29:03  Battlecruiser  
  121  29:05  Marine  
  129  29:18  Supply Depot  
  129  29:20  Marine  
  129  29:23  Marine  
  130  29:39  Marauder  
  130  29:41  Marauder  
  109  30:00  Marauder  
  109  30:03  Marauder  
  109  30:05  Battlecruiser  
  94  30:52  Thor  
  100  30:57  Battlecruiser  
  106  31:06  Siege Tank  
  106  31:09  Battlecruiser  
  115  31:26  Marine  
  115  31:29  Marauder  
  118  31:35  Thor x2  
  118  31:38  Siege Tank  
  133  31:44  Marine  
  134  31:51  Marauder  
  132  32:01  Viking  
  132  32:02  Marine  
  135  32:12  Marauder  
  137  32:19  Marine  
  138  32:31  Medivac  
  138  32:33  Marauder  
  136  32:37  Marine  
  111  32:55  Marauder  
  113  33:01  Medivac  
  97  33:23  Marauder  
  99  33:28  Marauder  
  99  33:31  Thor  
  99  33:33  Thor  
  92  33:36  Battlecruiser  
  92  33:38  Viking  
  87  33:45  Marauder  
  89  33:49  Marauder  
  91  34:06  Marauder  
  91  34:08  Viking  
  95  34:11  Marauder  
  95  34:14  Thor  
  103  34:27  Marauder  
  105  34:32  Marauder  
  105  34:38  Banshee  
  107  34:40  Battlecruiser  
  116  34:49  Marauder  
  118  34:53  Marauder  
  120  35:21  Battlecruiser  
  131  36:17  Thor  
  137  36:26  Marine, Battlecruiser  
  137  36:30  Marauder  
  146  36:44  Marine  
  143  36:52  Marauder  
  143  37:00  Raven  
  139  37:02  Marine  
  140  37:13  Marauder  
  142  37:20  Marine  
  137  37:30  Battlecruiser  
  143  37:38  Marine  
  143  37:43  Raven  
  146  38:34  Raven  
  148  38:36  Supply Depot  
  148  38:48  Thor  
  150  38:49  Battlecruiser  
  115  39:17  Battlecruiser  
  106  39:54  Battlecruiser  
  106  42:20  Missile Turret  
  106  42:22  Siege Tank  
  109  42:33  Battlecruiser  
  109  42:36  Battlecruiser  
  121  42:42  Thor  
  121  42:44  Thor  
  127  42:47  Marine  
  134  42:51  Marauder  
  134  42:54  Siege Tank  
  139  43:05  Marine  
  140  43:13  Marauder  
  140  43:18  Missile Turret  
  142  43:22  Marine  
  142  43:25  Thor  
  142  43:26  Siege Tank  
  154  43:34  Marauder  
  154  43:40  Marine  
  155  43:53  Battlecruiser  
  163  43:56  Marauder  
  163  43:57  Battlecruiser  
  163  43:58  Marine, Siege Tank  
  163  43:59  Supply Depot  
  173  44:21  Marauder  
  175  44:30  Siege Tank  
Show
View Real Time Build Order
Export as new Build Order

TATORREA Terran - Winner!

Build Orders:  

Get SALT Encoding   

  12  0:12  Refinery  
  12  0:27  Supply Depot  
  12  0:50  Supply Depot  
  12  1:15  Engineering Bay  
  12  1:17  Barracks  
  12  1:52  Supply Depot  
  12  2:06  Refinery  
  12  2:17  Factory  
  12  2:25  SCV  
  13  2:37  SCV  
  13  2:43  Barracks Reactor  
  14  3:05  Factory Reactor  
  14  3:14  Missile Turret  
  14  3:20  Orbital Command  
  14  3:25  Marine  
  14  3:26  Reaper  
  16  3:36  Missile Turret  
  16  3:43  Marine  
  17  3:57  Missile Turret  
  17  3:58  Reaper  
  17  4:00  SCV  
  17  4:01  Marine  
  20  4:12  SCV  
  21  4:46  Marine  
  21  4:47  Reaper  
  23  4:55  Command Center  
  23  5:04  Marine  
  24  5:18  Hi-Sec Auto Tracking  
  24  5:19  Reaper  
  25  5:22  Marine  
  26  5:34  Supply Depot  
  26  5:40  Reaper  
  27  6:15  Neosteel Armor  
  27  6:16  Armory  
  27  7:04  Starport  
  27  7:08  Hellbat  
  29  7:43  Factory  
  29  7:52  Refinery  
  29  7:55  Terran Infantry Weapons Level 1, SCV  
  30  8:07  SCV  
  31  8:19  SCV  
  32  9:03  Factory Tech Lab  
  32  9:15  Fusion Core  
  32  9:22  Siege Tank  
  35  9:30  Terran Vehicle Weapons Level 1  
  35  9:46  Refinery  
  35  9:49  Terran Infantry Armor Level 1  
  35  9:50  Starport Tech Lab  
  35  9:54  Siege Tank  
  26  10:26  Siege Tank  
  22  10:59  Hellion  
  24  11:20  Hellion  
  24  11:24  Terran Ship Weapons Level 1  
  26  11:27  Missile Turret  
  26  11:41  Hellion  
  26  11:43  Terran Infantry Weapons Level 2  
  28  11:49  Missile Turret  
  28  12:07  Battlecruiser  
  34  12:14  Weapon Refit  
  34  12:28  Supply Depot  
  34  12:40  Siege Tank  
  37  12:52  Supply Depot, Missile Turret  
  37  13:14  Missile Turret  
  37  13:18  Terran Vehicle And Ship Armor Level 1  
  37  13:20  Thor  
  43  13:58  Terran Infantry Armor Level 2  
  37  15:12  Terran Vehicle Weapons Level 2  
  37  15:47  Thor  
  49  16:18  Battlecruiser  
  49  16:30  Thor  
  55  16:46  Supply Depot  
  55  17:08  Supply Depot  
  55  17:11  Planetary Fortress  
  55  17:13  Thor  
  61  17:23  Missile Turret  
  61  17:27  Terran Ship Weapons Level 2  
  61  17:43  Missile Turret  
  61  18:00  Battlecruiser  
  67  18:13  Siege Tank  
  64  19:43  Terran Vehicle And Ship Armor Level 2  
  64  20:02  Thor  
  70  20:26  Rapid Reignition System  
  70  20:36  Supply Depot  
  70  20:45  Thor  
  76  20:53  SCV  
  77  21:05  SCV  
  78  21:22  Battlecruiser  
  78  21:23  Advanced Ballistics  
  84  21:59  Terran Vehicle Weapons Level 3  
  84  22:42  Factory  
  84  23:33  Supply Depot  
  84  23:50  Factory Tech Lab  
  84  23:55  Battlecruiser  
  90  23:57  Supply Depot  
  90  24:18  Thor  
  96  24:27  Supply Depot  
  96  24:36  Terran Ship Weapons Level 3  
  96  24:49  Supply Depot  
  54  27:13  Terran Vehicle And Ship Armor Level 3  
  48  27:29  Thor  
  54  27:33  Battlecruiser  
  54  28:04  Thor  
  60  28:11  Thor  
  66  28:38  Battlecruiser  
  72  28:54  Thor  
  66  29:14  Thor  
  72  29:37  Thor  
  78  29:57  Thor  
  255  30:14  Viking  
  78  30:20  Thor  
  86  30:44  Viking  
  88  31:14  Viking  
  90  31:33  SCV  
  91  31:44  Viking  
  91  31:45  SCV  
  91  31:47  Starport  
  94  32:14  Viking  
  102  32:44  Battlecruiser  
  102  33:12  Thor  
  100  33:43  Supply Depot  
  100  33:48  Viking  
  86  33:54  Thor  
  80  34:06  Supply Depot  
  68  34:18  Viking  
  70  34:48  Viking  
  72  35:11  Thor  
  78  35:29  Viking  
  80  35:54  Thor  
  86  35:59  Viking  
  88  36:21  Supply Depot  
  88  36:29  Viking  
  90  36:37  Thor  
  96  37:00  Battlecruiser  
  102  37:19  Thor  
  86  38:02  Siege Tank  
  86  38:04  Raven  
  91  38:35  Thor  
  97  38:42  Missile Turret  
  97  38:47  Viking  
  99  39:17  Viking  
  99  39:21  Missile Turret  
  101  39:37  Missile Turret  
  101  39:46  Raven  
  94  42:23  Missile Turret  
  94  42:46  Missile Turret  
  94  43:07  Missile Turret  
  100  43:13  Battlecruiser  
  100  43:34  Thor  
  112  44:17  Thor, Battlecruiser  
  124  45:21  Battlecruiser  
  124  46:19  Missile Turret  
  130  46:25  Battlecruiser  
  130  47:21  Missile Turret  
Tags
 
Add a new tag
Caveats
  • Supply blocks, unpowered buildings, or Contaminate may cause inaccurate times.
  • Supply counts are checked every 10 seconds.